AoeStats
← Smiley

Arabia

510571303Analyzed
2v2 RM · 1d ago on Oct 1, 2026· 34m 20s· 4 players
Game mode
Random Map
Map size
Medium (4 player)
Population
200
Speed
Normal
Resources
Standard
Victory
Conquest
Starting age
Dark Age
Ending age
Imperial Age
RankedLock teamsTeams togetherTeam positionsShared explorationLock speedFull tech treeHidden civsTurbo modeCheats
Victory
Defeat
🇫🇷 Maya · France
1955
+9
🇨🇭 Magyars · Switzerland
1543
+25
🇨🇳 Magyars · China
1777
-17
🇨🇳 Ethiopians · China
1760
-17
TAG_Sitaux
0:26 Loom
12:58 Feudal Age
16:58 Castle Age
15:22 Double-Bit Axe
15:55 Fletching
17:02 Crossbowman
18:53 Bodkin Arrow
22:14 Horse Collar
24:22 Wheelbarrow
25:33 Bow Saw
25:45 Padded Archer Armor
26:19 Ballistics
26:35 Gold Mining
27:40 Thumb Ring
28:33 Hand Cart
28:33 Town Watch
30:18 Leather Archer Armor
35:05 Imperial Age
Smiley
5:32 Loom
8:49 Feudal Age
9:39 Double-Bit Axe
24:27 Castle Age
23:33 Scale Barding Armor
24:04 Bloodlines
23:46 Horse Collar
25:10 Husbandry
25:39 Chain Barding Armor
28:35 Wheelbarrow
27:45 Town Watch
28:33 Gold Mining
_LT_椎名真昼
6:45 Loom
9:05 Feudal Age
10:01 Double-Bit Axe
11:25 Town Watch
17:24 Scale Barding Armor
23:18 Castle Age
23:32 Bloodlines
23:22 Light Cavalry
29:40 Bow Saw
32:14 Wheelbarrow
_LT_学成
4:54 Loom
12:43 Feudal Age
13:29 Double-Bit Axe
16:34 Fletching
23:33 Castle Age
23:57 Padded Archer Armor
23:50 Gold Mining
23:45 Horse Collar
24:10 Bodkin Arrow
24:09 Crossbowman
25:48 Town Watch
29:28 Wheelbarrow
31:53 Leather Archer Armor
Connection lost

Rejoining the realm…

Still unreachable

The connection could not be restored.

Session expired

The server has moved on; the page needs a fresh start.